AoeStats
← ZzZz7z

African Clearing

510471007Analyzed
2v2 RM · 2d ago on Oct 1, 2026· 49m 45s· 4 players
Game mode
Random Map
Map size
Medium (4 player)
Population
200
Speed
Normal
Resources
Standard
Victory
Conquest
Starting age
Dark Age
Ending age
Imperial Age
RankedLock teamsTeams togetherTeam positionsShared explorationLock speedFull tech treeHidden civsTurbo modeCheats
Victory
Defeat
🇦🇷 Japanese · Argentina
1172
+18
🇺🇸 Mapuche · United States
1172
+18
🇦🇺 Varangians · Australia
1326
-22
🇫🇷 Huns · France
1121
-14
franciscoC137
13:33 Feudal Age
15:03 Loom
17:50 Castle Age
17:14 Fletching
17:33 Double-Bit Axe
19:09 Padded Archer Armor
19:12 Bodkin Arrow
20:13 Horse Collar
28:38 Elite Skirmisher
34:39 Heavy Plow
34:49 Bow Saw
35:56 Padded Archer Armor
36:26 Ballistics
40:50 Imperial Age
38:52 Forging
50:57 Chemistry
50:14 Leather Archer Armor
ZzZz7z
10:15 Loom
13:21 Feudal Age
13:22 Man-at-Arms
15:16 Double-Bit Axe
19:42 Arson
22:53 Castle Age
22:24 Fletching
24:05 Squires
24:08 Scale Mail Armor
25:38 Forging
25:52 Gambesons
28:03 Elite Skirmisher
28:49 Padded Archer Armor
28:45 Bodkin Arrow
29:42 Horse Collar
31:10 Leather Archer Armor
35:20 Ballistics
45:00 Imperial Age
45:09 Cavalier
46:00 Bloodlines
[SAPR] Janstonbeats
8:51 Loom
13:25 Feudal Age
14:29 Double-Bit Axe
18:29 Castle Age
17:52 Fletching
19:19 Bodkin Arrow
20:27 Padded Archer Armor
23:02 Ballistics
26:18 Husbandry
26:45 Bloodlines
33:20 Leather Archer Armor
Hemsy124
7:42 Loom
11:31 Feudal Age
15:48 Bloodlines
16:22 Wheelbarrow
21:50 Castle Age
20:48 Scale Mail Armor
20:59 Forging
37:53 Double-Bit Axe
37:56 Horse Collar
42:03 Scale Barding Armor
Connection lost

Rejoining the realm…

Still unreachable

The connection could not be restored.

Session expired

The server has moved on; the page needs a fresh start.